 Dungeon Crawl Stone Soup version 0.25-a0-67-g7dccc1bee0 (webtiles) character file.

Game seed: 13498753234163742247, levelgen mode: deterministic

137 wvc the Twirler (level 5, -5/38 HPs)
             Began as a Demonspawn Gladiator on Nov 1, 2019.
             Slain by a worm (9 damage)
             ... on level 3 of the Dungeon.
             The game lasted 00:03:33 (2198 turns).

wvc the Twirler (Demonspawn Gladiator)              Turns: 2198, Time: 00:03:33

Health: -5/38      AC:  6    Str: 14    XL:     5   Next: 0%
Magic:  5/5        EV: 11    Int: 10    God:
Gold:   144        SH:  4    Dex: 15    Spells: 4/4 levels left

rFire    . . .     SeeInvis .   n - +2 long sword (venom)
rCold    . . .     Gourm    .   (no shield)
rNeg     . . .     Faith    .   k - +0 ring mail
rPois    .         Spirit   .   c - +0 helmet
rElec    .         Reflect  .   (no cloak)
rCorr    .         Harm     .   (no gloves)
MR       .....                  (no boots)
Stlth    +.........             (no amulet)
HPRegen  0.12/turn              (no ring)
MPRegen  0.09/turn              (no ring)

@: no status effects
A: large bone plates 1, spiny 1
a: no special abilities


You were on level 3 of the Dungeon.
You were not hungry.

You visited 1 branch of the dungeon, and saw 3 of its levels.

You collected 144 gold pieces.

Inventory:

Hand Weapons
 a - a +0 quarterstaff
 n - a +2 long sword of venom (weapon)
Missiles
 d - 3 throwing nets (quivered)
Armour
 c - a +0 helmet (worn)
 k - a +0 ring mail (worn)
Scrolls
 b - a scroll of enchant armour
 g - 3 scrolls of remove curse
 h - a scroll of noise
 l - 2 scrolls of fear
Potions
 e - 2 potions of might {unknown}
 i - a potion of invisibility
 j - a potion of agility
Comestibles
 f - 9 rations


   Skills:
 - Level 2.0 Fighting
 + Level 2.1 Long Blades
 - Level 4.6 Staves
 - Level 1.7 Throwing
 - Level 2.6 Dodging


You had 4 spell levels left.
You didn't know any spells.
Your spell library was empty.

Dungeon Overview and Level Annotations

Branches:
Dungeon (3/15)

Altars:

Annotations:
D:3 1 runed translucent door, Crazy Yiuf


Innate Abilities, Weirdness & Mutations

You are partially covered in large bone plates. (SH +4)
You are partially covered in sharp spines.


Message History

The worm bites you. Ijyb closely misses you.
You riposte.
You hit Ijyb.
Ijyb looks as sick as possible!
Ijyb is heavily wounded.
You are too injured to fight recklessly!
You are too injured to fight recklessly!
You are too injured to fight recklessly!
You are too injured to fight recklessly!
You are too injured to fight recklessly!
You hit Ijyb.
Ijyb looks as sick as possible!
Ijyb is severely wounded.
The worm is struck by your spines. The worm bites you but does no damage.
Ijyb zaps a wand.
The puff of flame hits you!
* * * LOW HITPOINT WARNING * * *
You hit Ijyb but do no damage.
Ijyb looks as sick as possible!
Ijyb is almost dead.
You kill Ijyb!
Your Long Blades skill increases to level 2!
You have reached level 5!
The worm bites you!
You die...

.....# #...##.#......#.#
#.#
)###.#####.###.####...#.#
#.# .# #........##.#
#...#.# #.# .#
########.##.####...#.#
#.# .# #...............
#.# #.# .#
#.####....####. #.# #.#
.# #.# #....# #.#######.#
.# #.#
#....####.#.#.........#
.# #.#
#.#...@[....###########
.#####.# #.......w......
.......# ####..####.####
######## ..... .. #.##.#.
#.# .. .. . # # ##. .# #.


You could see a worm.

Vanquished Creatures
  Ijyb (D:3)
  A worker ant (D:3)
  3 adders
  An ooze (D:2)
  3 leopard geckos
  9 bats
  3 giant cockroaches (D:2)
  6 goblins
  8 hobgoblins
  2 jackals (D:2)
  3 kobolds
  A quokka (D:2)
  2 ball pythons
  3 frilled lizards
  10 rats
56 creatures vanquished.

Notes
Turn   | Place    | Note
-------+----------+-------------------------------------------
     0 | D:1      | wvc the Demonspawn Gladiator began the quest for the Orb.
     0 | D:1      | Reached XP level 1. HP: 16/16 MP: 1/1
    96 | D:1      | Reached skill level 3 in Staves
   183 | D:1      | Gained mutation: You are partially covered in sharp spines.
                  | [demonic ancestry]
   183 | D:1      | Reached XP level 2. HP: 22/22 MP: 2/2
   782 | D:2      | Gained mutation: You are partially covered in large bone
                  | plates. (SH +4) [demonic ancestry]
   782 | D:2      | Reached XP level 3. HP: 25/27 MP: 3/3
   945 | D:2      | Reached skill level 4 in Staves
  1717 | D:3      | Reached XP level 4. HP: 33/33 MP: 4/4
  1921 | D:3      | Reached skill level 1 in Long Blades
  2105 | D:3      | Found a runed translucent door.
  2106 | D:3      | Noticed Crazy Yiuf
  2189 | D:3      | Noticed Ijyb
  2198 | D:3      | Killed Ijyb
  2198 | D:3      | Reached XP level 5. HP: 4/38 MP: 5/5
  2198 | D:3      | Slain by a worm

Levels and vault maps discovered:
D:1:      noname_arrival_rooms_in_the_neighbourhood, layout_basic,
          item_on_display_a
D:2:      layout_basic
D:3:      layout_basic, uniq_crazy_yiuf_cottage, uniq_ijyb

Skill      XL: |  1  2  3  4 |
---------------+-------------+-----
Staves         | 3 4 |  4.6
Long Blades    | 2 |  2.1
Fighting       | |  2.0
Throwing       | |  1.7
Dodging        | |  2.6

Action                   |  1- 3 |  4- 6 || total
-------------------------+-------+-------++-------
Melee: Quarterstaff      |    97 |     1 ||    98
       Long sword        |       |    10 ||    10
  Use: Scroll            |     8 |       ||     8
  Eat: Ration            |     1 |       ||     1
       Chunk             |     1 |       ||     1
Armor: Leather armour    |    19 |       ||    19
       Ring mail         |    12 |     5 ||    17
Dodge: Dodged            |    57 |     4 ||    61
Block: Other             |    10 |     2 ||    12
       Rpst.: Long sword |       |     1 ||     1

Table legend:
 A = Non-vault XP
 B = Vault XP
 C = Vault XP percentage of total XP
 D = Non-vault monster count
 E = Vault monster count
 F = Vault count percentage of total count
                 A         B        C        D         E       F
            +---------+---------+-------+---------+---------+-------
      Total |     160 |      36 |  18.4 |      55 |       1 |   1.8
            +---------+---------+-------+---------+---------+-------
        D:1 |      37 |       0 |   0.0 |      22 |       0 |   0.0
        D:2 |      58 |       0 |   0.0 |      27 |       0 |   0.0
        D:3 |      65 |      36 |  35.6 |       6 |       1 |  14.3
            +---------+---------+-------+---------+---------+-------
